 Dungeon Crawl Stone Soup version 0.30-b1-5-g8e6c1be481 (webtiles) character file.

Game seed: 209292466911098881

560 monsoonserge the Slasher (level 7, -1/44 (57) HPs)
             Began as a Pale Draconian Reaver on May 4, 2023.
             Was a Follower of Kikubaaqudgha.
             Slain by a lemure (4 damage)
             ... led by Pikel
             ... on level 4 of the Dungeon.
             The game lasted 00:12:47 (3630 turns).

monsoonserge the Slasher (Pale Draconian Reaver)    Turns: 3630, Time: 00:12:48

HP:   -1/44 (57)    AC:  9    Str: 14    XL:     7   Next: 9%
MP:   8/10          EV: 12    Int: 16    God:    Kikubaaqudgha [*.....]
Gold: 207           SH:  0    Dex:  9    Spells: 9/10 levels left

rFire   + . .        z - +4 spear of Awuwkea {freeze, rF+ rN+}
rCold   . . .        (no shield)
rNeg    + . .        (body armour unavailable)
rPois   .            (helmet restricted)
rElec   .            A - +0 cloak
rCorr   .            w - +0 pair of gloves
SInv    .            B - +0 pair of boots
Will    .....        (no amulet)
Stlth   +            (no ring)
HPRegen 0.27/turn    (no ring)
MPRegen 0.12/turn

%: no passive effects
@: very slightly contaminated, heavily drained
A: breathe steam, AC +6, unfitting armour, cold-blooded, steam resistance
a: Breathe Steam, Renounce Religion, Unearth Wretches


You were on level 4 of the Dungeon.
You worshipped Kikubaaqudgha.
Kikubaaqudgha was aware of your devotion.
You visited 1 branch of the dungeon, and saw 4 of its levels.

You collected 207 gold pieces.

Inventory:

Hand Weapons
 a - a +0 mace
 k - a +0 demon blade of pain
 x - a +2 heavy flail
 z - the +4 spear of Awuwkea (weapon) {freeze, rF+ rN+}
   (You found it on level 4 of the Dungeon)

   rF:        It protects you from fire.
   rN:        It protects you from negative energy.
Missiles
 b - 19 stones
 h - 8 poisoned darts
 q - 3 boomerangs (quivered)
Armour
 w - a +0 pair of gloves (worn)
 A - a +0 cloak (worn)
 B - a +0 pair of boots (worn)
Magical Staves
 j - a staff of air
Scrolls
 c - a scroll of fear {unknown}
 f - 2 scrolls of noise {unknown}
 i - 2 scrolls of identify {unknown}
 l - 2 scrolls of magic mapping {unknown}
 o - a scroll of teleportation {unknown}
 p - a scroll of torment {unknown}
 r - a scroll of amnesia {unknown}
 s - a scroll of acquirement {unknown}
 t - a scroll of immolation {unknown}
 v - a scroll of enchant armour {unknown}
 y - a scroll of silence {unknown}
Potions
 d - 2 potions of curing
 e - a potion of brilliance {unknown}
 g - 2 potions of heal wounds
 m - a potion of attraction {unknown}
 n - a potion of might {unknown}
 u - a potion of lignification {unknown}


   Skills:
 + Level 3.4 Fighting
 + Level 3.8 Long Blades
 + Level 3.7 Maces & Flails
 + Level 0.4 Polearms
 + Level 1.2 Throwing
 + Level 3.0 Dodging
 + Level 1.0 Stealth
 + Level 2.1 Spellcasting
 + Level 3.3 Conjurations
 + Level 3.1 Necromancy


You had 9 spell levels left.
You knew the following spells:

 Your Spells              Type           Power      Damage    Failure   Level
a - Kiss of Death         Conj/Necr      48%        2d9       5%          1

Your spell library contained the following spells:

 Spells                   Type           Power      Damage    Failure   Level
 Necrotise                Necr           44%        1d6       6%          1
 Sublimation of Blood     Necr           11%        N/A       9%          2
 Momentum Strike          Conj/Tloc      14%        3d8       16%         2
 Cigotuvi's Dreadful Rot  Necr/Pois/Air  10%        N/A       21%         2
 Hailstorm                Conj/Ice       7%         3d4       30%         3


Dungeon Overview and Level Annotations

Branches:
Dungeon (4/15)
 Temple: D:4-7

Altars:
Fedhas
Kikubaaqudgha
Qazlal
Ru
Uskayaw

Annotations:
D:4 Pikel


Innate Abilities, Weirdness & Mutations

You can breathe blasts of scalding, opaque steam.
Your pale cyan-grey scales are hard. (AC +6)
You cannot fit into any form of body armour.
You are cold-blooded and may be slowed by cold attacks.
You are immune to the effects of steam.


Message History

You hit Pikel. You freeze Pikel.
Pikel is moderately wounded.
The lemure hits you but does no damage. x2
Pikel hits you with a +1 whip of electrocution!
You hit Pikel but do no damage.
Pikel is moderately wounded.
The lemure hits you.
Pikel hits you with a +1 whip of electrocution.
The lemure hits you.
You barely miss Pikel.
Pikel is moderately wounded.
Pikel hits you with a +1 whip of electrocution.
* * * LOW HITPOINT WARNING * * *
The lemure hits you.
* * * LOW HITPOINT WARNING * * *
Casting: Kiss of Death (safe; 5% risk of failure)
Confirm with . or Enter, or press ? or * to list all spells.
Aiming: Kiss of Death (safe; 5% risk of failure)
Press: ? - help, Shift-Dir - straight line, f - Pikel
Aim: Pikel, wielding a +1 whip of electrocution and wearing a +0 robe (moderately wounded, 100% to hit)
The negative energy hits Pikel!
Pikel is drained!
Pikel is heavily wounded.
You feel drained. The lemure barely misses you. Pikel completely misses you.
The lemure hits you.
* * * LOW HITPOINT WARNING * * *
The iguana barely misses you.
Unknown command.
Casting: Kiss of Death (safe; 5% risk of failure)
Confirm with . or Enter, or press ? or * to list all spells.
Aiming: Kiss of Death (safe; 5% risk of failure)
Press: ? - help, Shift-Dir - straight line, f/p - Pikel
Aim: Pikel, wielding a +1 whip of electrocution and wearing a +0 robe (heavily wounded, lightly drained, 100% to hit)
You miscast Kiss of Death.
You are very lightly contaminated with residual magic.
Nothing appears to happen.
Pikel hits you but does no damage. The lemure closely misses you.
The iguana bites you!
* * * LOW HITPOINT WARNING * * *
The lemure hits you.
You die...
Kikubaaqudgha rasps: "You have failed me!
Welcome... death!"

#.# #♣.♣......# #.#
#.........# #.#
#♣.♣......# #.# ###
...=......# ###.# #..
#♣.♣......# ##...# #..
..........# #..#.# #.#
.♣.♣(.K5w.# ###'#### #.#
.....5l@..# #.....# #.#
#######5#####.#.#.####.#
............#.._..#.....
#######.....#.#.#.####.#
###...#.....# #.#
#....###'#### #.#
#.#......##'###.#
#.#.....#.....#.#
..#.....#.....#.#


You could see Pikel (drained), 3 lemures, a worm and an iguana.

Vanquished Creatures
  Grinder (D:3)
  2 hounds (D:4)
  An orc priest (D:4)
  Terence (D:3)
  An iguana (D:4)
  3 orc wizards
  A gnoll (D:1)
  6 adders
  4 dart slugs
  12 orcs
  2 bats
  7 endoplasms
  2 giant cockroaches
  6 goblins
  6 hobgoblins
  3 jackals (D:4)
  4 kobolds
  A quokka (D:1)
  7 ball pythons
  3 frilled lizards
  14 rats
87 creatures vanquished.

Vanquished Creatures (others)
  5 plants (D:4)
5 creatures vanquished.

Grand Total: 92 creatures vanquished

Notes
Turn   | Place    | Note
-------+----------+-------------------------------------------
     0 | D:1      | monsoonserge the Draconian Reaver began the quest for the
                  | Orb.
     0 | D:1      | Reached XP level 1. HP: 17/17 MP: 3/3
   208 | D:1      | Reached XP level 2. HP: 17/24 MP: 5/5
   328 | D:1      | Found a faded altar of an unknown god.
   521 | D:1      | Reached XP level 3. HP: 8/25 MP: 4/6
  1019 | D:2      | Reached skill level 1 in Necromancy
  1024 | D:2      | Reached XP level 4. HP: 9/30 MP: 5/7
  1865 | D:3      | Found a stormy altar of Qazlal.
  1996 | D:3      | Found an ancient bone altar of Kikubaaqudgha.
  1997 | D:3      | Found a blossoming altar of Fedhas.
  2010 | D:3      | Became a worshipper of Kikubaaqudgha
  2047 | D:3      | Noticed Grinder
  2063 | D:3      | Paralysed by Grinder for 3 turns
  2072 | D:3      | Paralysed by Grinder for 2 turns
  2086 | D:3      | Killed Grinder
  2087 | D:3      | Reached XP level 5. HP: 32/45 MP: 8/8
  2087 | D:3      | Reached XP level 6. HP: 37/51 MP: 9/9
  2524 | D:3      | Noticed Terence
  2531 | D:3      | Killed Terence
  2532 | D:3      | Reached skill level 1 in Throwing
  3071 | D:4      | Reached * piety under Kikubaaqudgha
  3071 | D:4      | Received a gift from Kikubaaqudgha
  3072 | D:4      | Reached skill level 1 in Stealth
  3141 | D:4      | Your scales start taking on a pale cyan-grey colour.
  3141 | D:4      | Reached XP level 7. HP: 15/50 MP: 8/10
  3141 | D:4      | Gained mutation: You are immune to the effects of steam.
                  | [Pale Draconian growth]
  3275 | D:4      | Identified the +4 spear of Awuwkea {freeze, rF+ rN+}
  3339 | D:4      | Found a sacrificial altar of Ru.
  3573 | D:4      | Found a hide-covered altar of Uskayaw.
  3621 | D:4      | Noticed Pikel
  3630 | D:4      | Slain by a lemure

Illustrated notes

Levels and vault maps discovered:
D:1:      evilmike_arrival_crescent, layout_loops_ring,
          hellmonk_ecumenical_altar_zigzags
D:2:      layout_basic, serial_glass, glass_columns_b, glass_columns_a,
          due_unseen_surprise, feat_on_display, item_on_display_a,
          feat_on_display
D:3:      layout_basic, grunt_temple_overflow_growth_and_decay,
          nicolae_qazlal_eye_of_the_storm, uniq_terence, uniq_grinder
D:4:      cheibrodos_barr_body, layout_basic, nicolae_ru_path_of_blood,
          kennysheep_little_box, serial_forest, infiniplex_forest_clump_large,
          infiniplex_forest_lined_corner, infiniplex_forest_end_2,
          infiniplex_forest_lined_ring, infiniplex_forest_lined_2,
          infiniplex_forest_lined_room_3, infiniplex_forest_lined_room_2,
          infiniplex_forest_clump_tiny, uniq_pikel

Skill      XL: |  1  2  3  4  5  6 |
---------------+-------------------+-----
Dodging        | 2 3 |  3.0
Necromancy     | 1 2 3 |  3.1
Fighting       | 3 |  3.4
Long Blades    | 2 3 |  3.8
Throwing       | 1 |  1.2
Stealth        | 1 |  1.0
Maces & Flails | |  3.7
Polearms       | |  0.4
Spellcasting   | |  2.1
Conjurations   | |  3.3

Action                     |  1- 3 |  4- 6 |  7- 9 || total
---------------------------+-------+-------+-------++-------
  Melee: Mace              |    68 |       |       ||    68
         Tailslap          |     8 |    22 |     3 ||    33
         Punch             |     1 |     2 |     1 ||     4
         Demon blade       |    21 |   192 |     1 ||   214
         Spear             |       |       |    32 ||    32
  Throw: Boomerang         |       |    13 |       ||    13
   Cast: Kiss of Death     |     2 |     1 |     1 ||     4
    Use: Potion            |       |     3 |       ||     3
   Stab: Sleeping          |     1 |     2 |       ||     3
 Armour: Skin              |    31 |    54 |     9 ||    94
  Dodge: Dodged            |    62 |   124 |    16 ||   202
